 Dungeon Crawl Stone Soup version 0.30-a0-540-g0af01429fa (webtiles) character file.

Game seed: 2878785645198104397

303 greasedhog the Sneak (level 6, -1/32 HPs)
             Began as a Spriggan Fighter on Dec 25, 2022.
             Slain by a human zombie (7 damage)
             ... on level 4 of the Dungeon.
             The game lasted 00:05:03 (2485 turns).

greasedhog the Sneak (Spriggan Fighter)             Turns: 2485, Time: 00:05:04

Health: -1/32      AC:  2    Str: 12    XL:     6   Next: 15%
Magic:  7/7        EV: 17    Int:  9    God:
Gold:   161        SH:  6    Dex: 17    Spells: 5/5 levels left

rFire   . . .      SeeInvis +    a - +0 rapier
rCold   . . .      Faith    .    c - +0 buckler
rNeg    . . .      Spirit   .    b - +0 robe
rPois   .          Reflect  .    (helmet restricted)
rElec   .          Harm     .    (no cloak)
rCorr   .          Rampage  .    (gloves unavailable)
Will    +....                    (boots unavailable)
Stlth   +++                      (no amulet)
HPRegen 0.25/turn                (no ring)
MPRegen 0.10/turn                (no ring)

@: very quick
A: very small, no large weapons, unfitting armour, see invisible, speed 3
a: no special abilities


You were on level 4 of the Dungeon.
You visited 1 branch of the dungeon, and saw 4 of its levels.

You collected 161 gold pieces.

Inventory:

Hand Weapons
 a - a +0 rapier (weapon)
 m - a +1 dagger of venom
Armour
 b - a +0 robe (worn)
 c - a +0 buckler (worn)
Scrolls
 f - 2 scrolls of magic mapping
 g - a scroll of vulnerability {unknown}
 h - a scroll of amnesia
 i - 2 scrolls of fog {unknown}
 n - a scroll of immolation {unknown}
 p - a scroll of blinking {unknown}
 q - a scroll of identify
 r - a scroll of teleportation {unknown}
Potions
 d - a potion of might
 e - a potion of lignification
 j - a potion of haste {unknown}
 k - a potion of ambrosia
 l - a potion of heal wounds {unknown}
 o - a potion of cancellation
 s - 2 potions of curing {unknown}
 t - 2 potions of attraction {unknown}
 u - a potion of berserk rage {unknown}
 v - a potion of flight {unknown}


   Skills:
 + Level 3.3 Fighting
 * Level 4.8 Short Blades
 - Level 4.0 Dodging
 * Level 6.0 Stealth
 - Level 2.1 Shields


You had 5 spell levels left.
You didn't know any spells.
Your spell library was empty.

Dungeon Overview and Level Annotations

Branches:
Dungeon (4/15)
 Temple: D:4-7

Altars:
Cheibriados

Annotations:
D:3 2 transporters, Jase's ghost, amateur HOMo


Innate Abilities, Weirdness & Mutations

You are very small and have problems with some larger weapons.
You are too small for most types of armour.
You have supernaturally acute eyesight. (SInv)
You cover ground extremely quickly. (Speed+++)


Message History

The human zombie is moderately damaged.
The human zombie completely misses you.
You barely miss the human zombie.
The human zombie is moderately damaged.
The human zombie hits you.
* * * LOW HITPOINT WARNING * * *
There is an open door here.
You close the door.
You start resting.
You hear the quick hiss of an avalanche of sand very nearby.
You open the door.
There is an open door here.
You block the human zombie's attack.
You hit the human zombie.
The human zombie is heavily damaged.
You barely miss the human zombie.
The human zombie is heavily damaged.
You puncture the human zombie!
The human zombie is heavily damaged.
The human zombie hits you.
* * * LOW HITPOINT WARNING * * *
You puncture the human zombie!
The human zombie is severely damaged.
The human zombie misses you.
You hit the human zombie but do no damage.
The human zombie is severely damaged.
You block the human zombie's attack.
You hit the human zombie but do no damage.
The human zombie is severely damaged.
You hit the human zombie but do no damage.
The human zombie is severely damaged.
The human zombie hits you.
* * * LOW HITPOINT WARNING * * *
You closely miss the human zombie.
The human zombie is severely damaged.
The human zombie closely misses you.
You hit the human zombie.
The human zombie is almost destroyed.
The human zombie hits you!
You die...

##.......## #..# #...
#.........####..###...
+.........'...........
#.........####......>.
#.......## ##.###.##
##†....## ####..##
##...## #.## ##'## #.
#@# #. #Z# #. #Z# ...
..... ##..... .....##
##.### #.#


You could see a gnoll zombie and a human zombie.

Vanquished Creatures
  Edmund (D:4)
  A howler monkey (D:4)
  An orc priest (D:4)
  A mummy (D:4)
  4 adders
  A worm (D:3)
  A dart slug (D:3)
  4 orcs
  4 ball pythons
  7 bats
  5 endoplasms
  4 giant cockroaches
  4 goblins
  5 hobgoblins
  3 jackals (D:1)
  10 kobolds
  A quokka (D:3)
  4 rats
61 creatures vanquished.

Notes
Turn   | Place    | Note
-------+----------+-------------------------------------------
     0 | D:1      | greasedhog the Spriggan Fighter began the quest for the
                  | Orb.
     0 | D:1      | Reached XP level 1. HP: 11/11 MP: 2/2
   103 | D:1      | Reached skill level 1 in Stealth
   163 | D:1      | Reached XP level 2. HP: 16/16 MP: 3/3
   234 | D:1      | Reached skill level 2 in Stealth
   876 | D:2      | Reached XP level 3. HP: 19/19 MP: 4/4
  1100 | D:2      | Reached skill level 3 in Stealth
  1324 | D:2      | Found a faded altar of an unknown god.
  1520 | D:2      | Reached XP level 4. HP: 16/23 MP: 5/5
  1724 | D:3      | Found a transporter.
  1729 | D:3      | Found a transporter.
  1729 | D:3      | Noticed Jase's ghost (amateur HOMo)
  1744 | D:3      | Reached skill level 4 in Stealth
  2049 | D:4      | Reached XP level 5. HP: 28/28 MP: 6/6
  2118 | D:4      | Found a snail-covered altar of Cheibriados.
  2123 | D:4      | Noticed Edmund
  2168 | D:4      | Killed Edmund
  2169 | D:4      | Reached skill level 5 in Stealth
  2229 | D:4      | Reached XP level 6. HP: 29/32 MP: 7/7
  2420 | D:4      | Reached skill level 6 in Stealth
  2431 | D:4      | HP: 1/32 [human zombie (5)]
  2485 | D:4      | Slain by a human zombie

Illustrated notes

Levels and vault maps discovered:
D:1:      dpeg_arrival_brainrot, layout_basic
D:2:      layout_rooms, hellmonk_ecumenical_altar_crossroads
D:3:      layout_rooms, gammafunk_ghost_mausoleum, reono_crystal_passage
D:4:      layout_loops_corners, lemuel_mausoleum_altar_kikubaaqudgha,
          brannock_xom_greatest_gift, slow_altar_1, enter_ossuary_3, uniq_robin,
          uniq_edmund, uniq_menkaure

Skill      XL: |  1  2  3  4  5  6 |
---------------+-------------------+-----
Stealth        | 1 2 3 4 5 6 |  6.0
Short Blades   | 3 4 |  4.8
Fighting       | 3 |  3.3
Dodging        | |  4.0
Shields        | |  2.1

Action                   |  1- 3 |  4- 6 || total
-------------------------+-------+-------++-------
Melee: Rapier            |   114 |    23 ||   137
       Dagger            |    21 |    63 ||    84
  Use: Scroll            |     4 |     1 ||     5
 Stab: Sleeping          |     8 |     3 ||    11
       Distracted        |     1 |       ||     1
Armor: Robe              |    11 |       ||    11
Dodge: Dodged            |    99 |    38 ||   137
Block: Buckler           |    40 |    15 ||    55

Table legend: (Time is in decaauts)
 A = Elapsed time spent in this place.
 B = Non-inter-level travel time spent in this place.
 C = Inter-level travel time spent in this place.
 D = Time resting spent in this place.
 E = Time spent auto-exploring this place.
 F = Levels seen in this place.
 G = Mean time per level.
                   A        B        C        D        E       F      G
               +--------+--------+--------+--------+--------+-----+--------+
         Total |   1756 |   1685 |     71 |    237 |    903 |   4 |  439.0 |
       Dungeon |   1756 |   1685 |     71 |    237 |    903 |   4 |  439.0 |
               +--------+--------+--------+--------+--------+-----+--------+

Top non-repeatable levels by time:
     D:2: 556 daAuts
     D:1: 549 daAuts
     D:4: 415 daAuts
     D:3: 235 daAuts
